 Dungeon Crawl Stone Soup version 0.31.0-11-ge490571c62 (webtiles) character file.

Game seed: 8475873608248939855

7 KKCryptic the Chopper (level 2, 22/28 HPs)
             Began as a Naga Berserker on Feb 5, 2024.
             Was a Follower of Trog.
             Quit the game on level 1 of the Dungeon.
             The game lasted 00:00:41 (192 turns).

KKCryptic the Chopper (Naga Berserker)               Turns: 192, Time: 00:00:41

Health: 22/28      AC:  1    Str: 19    XL:     2   Next: 4%
Magic:  2/2        EV:  9    Int:  7    God:    Trog [*.....]
Gold:   29         SH:  0    Dex: 10    Spells: 1/1 levels left

rFire   . . .        a - +0 hand axe
rCold   . . .        (no shield)
rNeg    . . .        b - +0 animal skin
rPois   +            (no helmet)
rElec   .            (no cloak)
rCorr   .            (no gloves)
SInv    +            (no barding)
Will    .....        (no amulet)
Stlth   +            (no ring)
HPRegen 0.24/turn    (no ring)
MPRegen 0.08/turn

%: no passive effects
@: very slow
A: AC +0, large, see invisible, deformed body, poison resistance, slowness 2,
spit poison 1, naga tail 1
a: Spit Poison, Renounce Religion, Berserk


You were on level 1 of the Dungeon.
You worshipped Trog.
Trog was aware of your devotion.
You visited 1 branch of the dungeon, and saw 1 of its levels.

You collected 29 gold pieces.

Inventory:

Hand Weapons
 a - a +0 hand axe (weapon)
Armour
 b - a +0 animal skin (worn)
Scrolls
 c - a scroll of identify {unknown}
 e - a scroll of blinking {unknown}
Potions
 d - a potion of magic {unknown}


   Skills:
 - Level 3.0 Fighting
 * Level 3.3 Axes
 - Level 1.5 Armour
 - Level 1.5 Dodging
 + Level 1.3 Stealth


You had one spell level left.
You didn't know any spells.
Your spell library was empty.

Dungeon Overview and Level Annotations

Branches:
Dungeon (1/15)

Altars:


Innate Abilities, Weirdness & Mutations

Your serpentine skin is tough. (AC +0)
You have supernaturally acute eyesight. (SInv)
Armour fits poorly on your strangely shaped body.
Your system is resistant to poisons. (rPois)
You cover ground very slowly.
You can spit poison.
You have a snake-like lower body.


Message History

You barely miss the ball python. The ball python barely misses you.
The ball python bites you.
You hit the ball python.
You kill the ball python!
Trog accepts your kill.
You see here a ball python corpse.
d - a metallic black potion You now have 29 gold pieces (gained 8).
e - a scroll labelled NOTOAVVIN A goblin comes into view.
It is wielding a +0 club.
Aiming: Spit Poison (3% risk of failure)
Press: ? - help, Q - select action Shift-Dir - straight line, f - goblin
Aim: a goblin, wielding a +0 club (asleep, 100% to hit)
The splash of poison hits the goblin.
You kill the goblin!
Trog accepts your kill.
Your Stealth skill increases to level 1!
A hobgoblin comes into view.
A hobgoblin is nearby!
You have got your breath back.
The hobgoblin shouts!
You hear an angry hiss.
A ball python comes into view.
You hit the hobgoblin.
The hobgoblin is almost dead.
The hobgoblin barely misses you.
You closely miss the hobgoblin.
The hobgoblin is almost dead.
The hobgoblin barely misses you. The hobgoblin hits you.
You hit the hobgoblin.
You kill the hobgoblin!
Trog accepts your kill.
You hit the ball python.
The ball python is heavily wounded.
The ball python bites you. The ball python barely misses you.
You hit the ball python.
You kill the ball python!
Trog accepts your kill.
You have reached level 2!
You see here a hobgoblin corpse.
Are you sure you want to abandon this character and quit the game? (Confirm with "yes".)

#.#.##### #
#######.#......
####
...........#
.......
#######.##.#
####### #.# ).
#.# .# #.# #
#.# #@#
#........#
#.#.######
#.#.# # #.# #..
###


There were no monsters in sight!

Vanquished Creatures
  2 endoplasms (D:1)
  A goblin (D:1)
  A hobgoblin (D:1)
  2 ball pythons (D:1)
6 creatures vanquished.

Notes
Turn   | Place    | Note
-------+----------+-------------------------------------------
     0 | D:1      | KKCryptic the Naga Berserker began the quest for the Orb.
     0 | D:1      | Reached XP level 1. HP: 21/21 MP: 1/1
   180 | D:1      | Reached skill level 1 in Stealth
   191 | D:1      | Reached XP level 2. HP: 21/28 MP: 2/2
   192 | D:1      | Quit the game

Illustrated notes

Levels and vault maps discovered:
D:1:      pf_arrival_petrified_forest, layout_basic, minmay_pentomino_r2

Skill      XL: |  1 |
---------------+----+-----
Stealth        | 1 |  1.3
Fighting       | |  3.0
Axes           | |  3.3
Armour         | |  1.5
Dodging        | |  1.5

Action                     || total
---------------------------++-------
  Melee: Hand axe          ||    14
Ability: Spit Poison       ||     1
 Armour: Animal skin       ||     7
  Dodge: Dodged            ||     6
